 Dungeon Crawl Stone Soup version 0.18-a0-1804-g0930707 (webtiles) character file.

42 Etesian the Conjurer (level 3, 1/26 HPs)
             Began as a Draconian Conjurer on Apr 25, 2016.
             Quit the game on level 2 of the Dungeon.
             The game lasted 00:02:22 (903 turns).

Etesian the Conjurer (Draconian Conjurer)            Turns: 903, Time: 00:02:23

Health: 1/26       AC:  5    Str: 10    XL:     3   Next: 35%
Magic:  2/6        EV: 12    Int: 16    God:
Gold:   24         SH:  0    Dex: 11    Spells: 2 memorised, 3 levels left

rFire  . . .     SeeInvis .     (no weapon)
rCold  . . .     Gourm    .     (armour unavailable)
rNeg   . . .     Faith    .     (no shield)
rPois  .         Spirit   .     (helmet restricted)
rElec  .         Dismiss  .     (no cloak)
rCorr  .         Reflect  .     (no gloves)
SustAt .         Harm     .     (no boots)
MR     .....                    (no amulet)
Stlth  ++........               (no ring)
                                (no ring)

@: lethally poisoned (1 -> -2), not resistant to hostile enchantments,
unstealthy
A: unfitting armour, cold-blooded, AC +5
a: no special abilities


You were on level 2 of the Dungeon.
You were not hungry.

You visited 1 branch of the dungeon, and saw 2 of its levels.

You collected 24 gold pieces.

Inventory:

Scrolls
 d - a scroll of remove curse {unknown}
Books
 a - a book of Conjurations

   Spells                             Type                      Level
   a - Magic Dart                     Conjuration                  1
   b - Searing Ray                    Conjuration                  2
   c - Dazzling Spray                 Conjuration/Hexes            3
   d - Fulminant Prism                Conjuration/Hexes            4
   e - Iskenderun's Mystic Blast      Conjuration                  4
   f - Iskenderun's Battlesphere      Conjuration/Charms           5
Comestibles
 b - a bread ration
 c - a meat ration
 f - 4 chunks of flesh


   Skills:
 + Level 2.2 Dodging
 - Level 1.7 Stealth
 + Level 2.3 Spellcasting
 * Level 4.6 Conjurations


You had 3 spell levels left.
You knew the following spells:

 Your Spells              Type           Power        Failure   Level  Hunger
a - Magic Dart            Conj           ###.         3%          1    #......
b - Searing Ray           Conj           ###...       6%          2    ###....


Dungeon Overview and Level Annotations

Branches:
Dungeon (2/15)

Altars:


Innate Abilities, Weirdness & Mutations

Your plain brown scales are hard (AC +5).
Your body does not fit into most forms of armour.
You are cold-blooded and may be slowed by cold attacks.


Message History

* * * LOW HITPOINT WARNING * * *
You feel sick.
You take 1 damage, and have 1/26 hp.
Drink which item? (? for menu, Esc to quit)
It was a potion of flight.
You feel very buoyant.
You fly up into the air.
Drink which item? (? for menu, Esc to quit)
It was a potion of cancellation.
Your magical effects are unravelling.
You feel magically purged.
You float gracefully downwards.
Some of the chunks of flesh in your inventory have rotted away.
There is a lethal amount of poison in your body!
There is a lethal amount of poison in your body!
There is a lethal amount of poison in your body!
* * * LOW HITPOINT WARNING * * *
You feel sick.
You take 1 damage, and have 1/26 hp.
Are you sure you want to abandon this character and quit the game? (Confirm with "yes".)

.. #.#.#.#
##.#+#.#.#.#
..........#
##........#
#.........#
#.........#
#...<.....#####
#..............
#.###.#@#####.
#. #.#.# #.
#.#.# # #.#.#
#......#
.........#
....#......#
... #........
.. #......###


There were no monsters in sight!

Vanquished Creatures
  3 adders (D:2)
  An ooze (D:1)
  A giant gecko (D:1)
  2 hobgoblins (D:1)
  A bat (D:1)
  2 giant newts (D:1)
  4 rats (D:1)
14 creatures vanquished.

Notes
Turn   | Place    | Note
--------------------------------------------------------------
     0 | D:1      | Etesian the Draconian Conjurer began the quest for the Orb.
     0 | D:1      | Reached XP level 1. HP: 14/14 MP: 3/3
   337 | D:1      | Reached XP level 2. HP: 17/20 MP: 1/5
   344 | D:1      | Learned a level 2 spell: Searing Ray
   882 | D:2      | Reached XP level 3. HP: 9/26 MP: 0/6
   896 | D:2      | HP: 1/26 [poisoned by an adder]
   903 | D:2      | Quit the game

Vault maps used:
D:1:      nicolae_arrival_washed_ashore
D:2:      minmay_kobold_bridge, first_bread, lemuel_old_faithful, uniq_iyjb,
          uniq_natasha

Skill      XL: |  1 |
---------------+----+-----
Dodging        | 2 |  2.2
Stealth        | |  1.7
Spellcasting   | |  2.3
Conjurations   | |  4.6

Action                   || total
-------------------------++-------
Melee: Unarmed           ||    49
       Tailslap          ||     2
 Cast: Magic Dart        ||    10
       Searing Ray       ||     5
  Use: Potion            ||     2
 Stab: Sleeping          ||     3
Armor: Skin              ||    18
Dodge: Dodged            ||    23
